 Dungeon Sprint DCSS version 0.29.1-15-g9cfb28693d (webtiles) character file.

Game seed: 6956390797925904985

15548 Groucho the Spry (level 12, -21/51 HPs)
             Began as a Spriggan Earth Elementalist on Apr 28, 2023.
             Was the Champion of Dithmenos.
             Shot with an arrow by a deep elf master archer (30 damage)
             ... in the Dungeon (Sprint VII: "The Pits").
             The game lasted 00:17:00 (6906 turns).

Groucho the Spry (Spriggan Earth Elementalist)      Turns: 6906, Time: 00:17:01

Health: -21/51     AC:  6    Str:  8    XL:     12   Next: 2%
Magic:  27/32      EV: 32    Int: 16    God:    Dithmenos [******]
Gold:   72         SH:  0    Dex: 17    Spells: 32/41 levels left

rFire   . . .      SeeInvis +   h - +2 dagger
rCold   . . .      Faith    .   (no shield)
rNeg    . . .      Spirit   .   a - +0 robe
rPois   .          Reflect  .   (helmet restricted)
rElec   .          Harm     .   r - +0 cloak
rCorr   .          Rampage  .   (gloves unavailable)
Will    ++...      NoTele   +   (boots unavailable) Stlth *+++++++++
                                (no amulet)
HPRegen 0.17/turn               l - +3 ring of protection
MPRegen 0.23/turn               m - +3 ring of evasion

@: wreathed by umbra, very quick
A: very small, no large weapons, unfitting armour, see invisible, speed 3
a: Renounce Religion, Shadow Step, Shadow Form


You were in the Dungeon.
You worshipped Dithmenos.
Dithmenos was exalted by your worship.
You visited 1 branch You collected 72 gold pieces.

Inventory:

Hand Weapons
 h - a +2 dagger (weapon)
 p - a +2 rapier of venom
Armour
 a - a +0 robe (worn)
 r - a +0 cloak (worn)
Jewellery
 l - a +3 ring of protection (left hand)
 m - a +3 ring of evasion (right hand)
 v - a ring of fire
 w - a ring of ice
 B - a ring of poison resistance
Wands
 q - a wand of charming (5)
 u - a wand of digging (5)
Scrolls
 g - a scroll of blinking
 j - 5 scrolls of amnesia
 k - a scroll of summoning
 x - 4 scrolls of enchant weapon
 y - 6 scrolls of enchant armour
 z - a scroll of fear
 A - 2 scrolls of fog
Potions
 b - 5 potions of magic
 c - 13 potions of curing
 d - 11 potions of heal wounds
 e - 3 potions of haste
 f - 4 potions of berserk rage
 i - 2 potions of invisibility
 n - a potion of brilliance
 o - a potion of mutation
 s - a potion of ambrosia {unknown}
 t - 2 potions of might


   Skills:
 + Level 12.8 Short Blades
 + Level 16.3 Dodging
 - Level 14.0 Stealth
 + Level 15.1 Spellcasting
 + Level 9.3 Conjurations
 + Level 7.9 Hexes
 - Level 1.3 Transmutations
 + Level 11.9 Earth Magic
 + Level 10.8 Invocations


You had 32 spell levels left.
You knew the following spells:

 Your Spells              Type           Power      Damage    Failure   Level
a - Sandblast             Erth           100%       2d20      1%          1
b - Stone Arrow           Conj/Erth      92%        3d12      1%          3
c - Magic Dart            Conj           100%       1d8       1%          1
d - Shock                 Conj/Air       100%       1d9       1%          1
e - Dazzling Flash        Conj/Hex       78%        N/A       1%          3

Your spell library contained the following spells:

 Spells                   Type           Power      Damage    Failure   Level
 Passwall                 Tmut/Erth      27%        N/A       1%          2
 Static Discharge         Conj/Air       27%        3-7/arc   1%          2
 Petrify                  Tmut/Erth      33%        N/A       3%          4
 Mephitic Cloud           Conj/Pois/Air  22%        N/A       4%          3
 Ignite Poison            Fire/Tmut/Pois 13%        N/A       14%         3


Dungeon Overview and Level Annotations

Branches:
Dungeon (1/1)

Altars:
Ashenzari
Cheibriados
Dithmenos
Elyvilon
Fedhas
Gozag
Hepliaklqana
Kikubaaqudgha
Makhleb
Nemelex Xobeh
Okawaru
Qazlal
Ru
Sif Muna
Trog
Uskayaw
Vehumet
Wu Jian
Xom
Yredelemnul
Zin
The Shining One
Jiyva
Lugonu

Annotations:
D Frederick


Innate Abilities, Weirdness & Mutations

You are very small and have problems with some larger weapons.
You are too small for most types of armour.
You have supernaturally acute eyesight. (SInv)
You cover ground extremely quickly. (Speed+++)


Message History

Dithmenos accepts your kill.
Your Spellcasting skill increases to level 15!
The helpless yaktaur fails to defend itself.
You stick the yaktaur like a pincushion!!!!!
You kill the yaktaur!
Dithmenos accepts your kill.
You have reached level 12!
Unknown command.
The deep elf knight shouts!
The deep elf archer shouts!
A deep elf knight breaks down the door.
A deep elf archer opens the door.
Frederick shouts!
Things that are here:
a +0 arbalest; a yaktaur corpse You hit Frederick but do no damage.
Your shadow hits Frederick but does no damage.
Unknown command.
Unknown command.
The mummy priest mumbles some strange prayers to its god against you.
Something smites you!
The deep elf master archer wields a +0 longbow.
The deep elf master archer shoots an arrow.
The arrow completely misses you.
The deep elf knight mumbles some strange words.
The deep elf knight flickers and vanishes for a moment.
There is an open door, spattered with blood here.
Unknown command.
Casting: Sandblast (safe; 1% risk of failure)
Confirm with . or Enter, or press ? or * to list all spells.
Casting: Dazzling Flash (safe; 1% risk of failure)
Press: ? - help, Dir - look around, f - activate Frederick is dazzled.
The deep elf archer is dazzled.
The deep elf master archer shoots an arrow.
The arrow hits you!!
Ouch! That really hurt!
* * * LOW HITPOINT WARNING * * *
You emit a cloud of dark smoke.
Frederick completely misses you.
The deep elf master archer shoots an arrow.
The arrow hits you!!
Ouch! That really hurt!
You die...

+..........# +..........#
#..#....#..# #..........+
#..........+ ###''####''#
###''####''#########
#§§§§..##...........
#.#@##.##.....).....
#.#§§+.##..#########
#.e@e# ##..# #.#M['. #..#
#++###########.+ee#.##..#
........##..## ##+#.##..#
.#......##..# ##..#
........''..# #..#
........''..##########..#


You could see Frederick (blind), a deep elf master archer, a mummy priest, a
deep elf archer (repels missiles, blind), a deep elf knight (invisible) and a
deep elf zephyrmancer.

Vanquished Creatures
  A boulder beetle (D)
  A great orb of eyes (D)
  Urug (D)
  A death yak (D)
  A deep elf knight (D)
  An orc high priest (D)
  A shadow wraith (D)
  A deep troll (D)
  A sea snake (D)
  A manticore (D)
  2 black mambas (D)
  An elephant (D)
  Maurice (D)
  An eye of devastation (D)
  2 orange demons (D)
  An unseen horror (D)
  A rime drake (D)
  A yaktaur (D)
  A freezing wraith (D)
  A hellwing (D)
  A red devil (D)
  A troll (D)
  A tyrant leech (D)
  2 hornets (D)
  A merfolk (D)
  5 blink frogs (D)
  A snapping turtle (D)
  A jumping spider (D)
  A flying skull (D)
  2 spriggans (D)
  A wraith (D)
  A chaos spawn (D)
  4 vampire mosquitoes (D)
  A fire bat (D)
  A small abomination (D)
  2 wargs (D)
  2 water moccasins (D)
  2 floating eyes (D)
  An ogre (D)
  An orc warrior (D)
  12 wolves (D)
  A scorpion (D)
  3 wights (D)
  10 killer bees (D)
  A crimson imp (D)
  A quasit (D)
  Terence (D)
  A mummy (D)
  An adder (D)
  2 river rats (D)
  A white imp (D)
  An ufetubus (D)
  An adder skeleton (D)
  An adder zombie (D)
  5 orcs (D)
  A bat (D)
  A giant cockroach (D)
  3 hobgoblins (D)
  2 quokkas (D)
  A ball python (D)
  A giant cockroach simulacrum (D)
  A goblin (D)
106 creatures vanquished.

Notes
Turn   | Place    | Note
-------+----------+-------------------------------------------
     0 | D        | Groucho the Spriggan Earth Elementalist began the quest for
                  | the Orb.
     0 | D        | Reached XP level 1. HP: 9/9 MP: 5/5
     8 | D        | Noticed a floating eye
    10 | D        | Killed a floating eye
    11 | D        | Reached skill level 6 in Dodging
    11 | D        | Reached skill level 5 in Spellcasting
    11 | D        | Reached XP level 2. HP: 13/13 MP: 3/9
    11 | D        | Reached XP level 3. HP: 16/16 MP: 3/11
    11 | D        | Reached XP level 4. HP: 21/21 MP: 3/12
    17 | D        | Learned a level 3 spell: Stone Arrow
    42 | D        | Found a bloodstained altar of Trog.
    42 | D        | Found a shimmering blue altar of Sif Muna.
    42 | D        | Found a viscous altar of Jiyva.
    42 | D        | Found a hazy altar of Hepliaklqana.
    42 | D        | Found an opulent altar of Gozag.
    43 | D        | Found a glowing golden altar of the Shining One.
    43 | D        | Found a glowing silver altar of Zin.
    43 | D        | Found a basalt altar of Yredelemnul.
    43 | D        | Found a shimmering altar of Xom.
    43 | D        | Found an ornate altar of the Wu Jian Council.
    43 | D        | Found a sacrificial altar of Ru.
    43 | D        | Found a stormy altar of Qazlal.
    43 | D        | Found an iron altar of Okawaru.
    43 | D        | Found a sparkling altar of Nemelex Xobeh.
    43 | D        | Found a burning altar of Makhleb.
    43 | D        | Found a blossoming altar of Fedhas.
    43 | D        | Found a white marble altar of Elyvilon.
    43 | D        | Found a shadowy altar of Dithmenos.
    43 | D        | Found a snail-covered altar of Cheibriados.
    46 | D        | Found a corrupted altar of Lugonu.
    46 | D        | Found a radiant altar of Vehumet.
    47 | D        | Found an ancient bone altar of Kikubaaqudgha.
    47 | D        | Found a hide-covered altar of Uskayaw.
    47 | D        | Found a broken altar of Ashenzari.
    54 | D        | Became a worshipper of Dithmenos the Shadowed
   337 | D        | Noticed a floating eye
   339 | D        | Killed a floating eye
   340 | D        | Reached skill level 7 in Dodging
   340 | D        | Reached skill level 5 in Earth Magic
   340 | D        | Reached XP level 5. HP: 24/24 MP: 11/15
   557 | D        | Reached * piety under Dithmenos
   841 | D        | Noticed a fire bat
   845 | D        | Reached ** piety under Dithmenos
   851 | D        | Killed a fire bat
   852 | D        | Reached skill level 8 in Dodging
   852 | D        | Reached skill level 10 in Stealth
   852 | D        | Reached XP level 6. HP: 28/28 MP: 15/17
   895 | D        | Noticed a flying skull
   930 | D        | Killed a flying skull
   931 | D        | Reached skill level 5 in Short Blades
   931 | D        | Reached skill level 9 in Dodging
  1365 | D        | Reached *** piety under Dithmenos
  1366 | D        | Reached XP level 7. HP: 32/32 MP: 12/19
  1735 | D        | Reached **** piety under Dithmenos
  1736 | D        | Noticed a snapping turtle
  1738 | D        | Killed a snapping turtle
  1748 | D        | Reached skill level 10 in Dodging
  1756 | D        | Noticed a boulder beetle
  1767 | D        | Reached ***** piety under Dithmenos
  1768 | D        | Reached XP level 8. HP: 36/36 MP: 18/22
  1822 | D        | Killed a boulder beetle
  1823 | D        | Reached skill level 11 in Dodging
  1823 | D        | Reached skill level 10 in Spellcasting
  1823 | D        | Reached skill level 5 in Conjurations
  2268 | D        | Noticed a rime drake
  2271 | D        | Killed a rime drake
  2369 | D        | Noticed an elephant
  2369 | D        | Noticed a black mamba
  2372 | D        | Killed an elephant
  2373 | D        | Reached skill level 5 in Invocations
  2373 | D        | Reached XP level 9. HP: 36/39 MP: 19/24
  2375 | D        | Killed a black mamba
  2409 | D        | Noticed an orange demon
  2411 | D        | Reached skill level 12 in Dodging
  2414 | D        | Killed an orange demon
  2674 | D        | Noticed a tyrant leech
  2675 | D        | Noticed an unseen horror
  2675 | D        | Noticed a death yak
  2678 | D        | Killed a tyrant leech
  2680 | D        | Reached ****** piety under Dithmenos
  2695 | D        | Killed a death yak
  2696 | D        | Reached skill level 13 in Dodging
  2696 | D        | Reached XP level 10. HP: 36/44 MP: 6/27
  3137 | D        | Noticed a deep troll
  3139 | D        | Killed a deep troll
  3140 | D        | Reached skill level 10 in Short Blades
  3165 | D        | Noticed a shadow wraith
  3165 | D        | Noticed an eye of devastation
  3166 | D        | Noticed an orange demon
  3167 | D        | Killed a shadow wraith
  3168 | D        | Reached skill level 10 in Earth Magic
  3169 | D        | Killed an orange demon
  3172 | D        | Killed an eye of devastation
  3173 | D        | Reached skill level 14 in Dodging
  3177 | D        | Got Want's Incunable of Combative Calefaction
  3180 | D        | Learned a level 1 spell: Magic Dart
  3182 | D        | Learned a level 1 spell: Shock
  3186 | D        | Learned a level 3 spell: Dazzling Flash
  3543 | D        | Reached skill level 1 in Hexes
  3904 | D        | Noticed Maurice
  3907 | D        | Killed Maurice
  3911 | D        | Reached XP level 11. HP: 47/47 MP: 29/29
  3944 | D        | Noticed Terence
  4197 | D        | Killed Terence
  4274 | D        | Reached skill level 15 in Dodging
  4283 | D        | Reached skill level 5 in Hexes
  4730 | D        | Got Feoduo's Catalogue of the Salvo
  4862 | D        | Noticed Urug
  4865 | D        | Killed Urug
  5597 | D        | Noticed a sea snake
  5602 | D        | Killed a sea snake
  5603 | D        | Reached skill level 10 in Invocations
  5613 | D        | Noticed a spriggan rider
  6267 | D        | Noticed a great orb of eyes
  6270 | D        | Killed a great orb of eyes
  6277 | D        | Reached skill level 16 in Dodging
  6288 | D        | Noticed an orc high priest
  6384 | D        | Killed an orc high priest
  6899 | D        | Noticed a deep elf knight
  6899 | D        | Noticed a deep elf archer
  6899 | D        | Noticed a deep elf knight
  6899 | D        | Noticed a deep elf zephyrmancer
  6899 | D        | Noticed a deep elf master archer
  6899 | D        | Noticed Frederick
  6899 | D        | Noticed a mummy priest
  6901 | D        | Killed a deep elf knight
  6902 | D        | Reached skill level 15 in Spellcasting
  6903 | D        | Reached XP level 12. HP: 51/51 MP: 30/32
  6906 | D        | Shot with an arrow by a deep elf master archer

Illustrated notes

Levels and vault maps discovered:
D:        pitsprint [storerooms_1, entrance_room_1, metal_vault_1, armoury_1,
          mini_pit_1, grid_room_1, main_hall_1, silver_pit, the_coven_2,
          the_vestibule_1, steel_vault_5, golden_pit, hallway_of_sentries,
          crystal_vault_4, iron_vault_1, final_vault]

Skill      XL: |  1  2  3  4  5  6  7  8  9 10 11 |
---------------+----------------------------------+-----
Dodging        | 6 7 8 9 10 11 13 14 16 | 16.3
Stealth        | 7 8 10 12 13 14 | 14.0
Spellcasting   | 5 6 7 8 9 10 12 13 15 | 15.1
Earth Magic    | 4 5 6 7 8 9 10 11 | 11.9
Short Blades   | 2 4 5 6 8 9 11 12 | 12.8
Conjurations   | 2 3 4 5 6 8 9 |  9.3
Invocations    | 3 5 7 9 10 | 10.8
Hexes          | 3 7 |  7.9
Transmutations | |  1.3

Action                   |  1- 3 |  4- 6 |  7- 9 | 10-12 || total
-------------------------+-------+-------+-------+-------++-------
Melee: Dagger            |       |     5 |    28 |    47 ||    80
 Cast: Sandblast         |     2 |    10 |     1 |    12 ||    25
       Stone Arrow       |       |     4 |    18 |    65 ||    87
       Dazzling Flash    |       |       |       |     5 ||     5
       Magic Dart        |       |       |       |     4 ||     4
       Shock             |       |       |       |     3 ||     3
Invok: Shadow Step       |       |       |     2 |     2 ||     4
  Use: Potion            |       |       |     3 |       ||     3
 Stab: Sleeping          |       |     5 |    17 |    14 ||    36
       Invisible         |       |       |       |     4 ||     4
Armor: Robe              |       |       |       |     6 ||     6
Dodge: Dodged            |       |     5 |    24 |   146 ||   175
